[Event "January 2 Late 2024"]
[Site "https://www.chess.com"]
[Date "2024.01.02"]
[Round "5"]
[White "Curtis, John"]
[Black "Seletsky, Grigory"]
[Result "0-1"]
[Board "159"]
[TimeControl "180+1"]
[WhiteFideId "3200256"]
[BlackFideId "14112191"]
[WhiteElo "2229"]
[BlackElo "2421"]
[WhiteTeam "AUS"]
[BlackTeam "UKR"]
[WhiteClock "0:00:58"]
[BlackClock "0:00:19"]

1. e4 e6 2. Bc4 d5 3. exd5 exd5 4. Bb3 Nf6 5. Nf3 Bd6 6. Qe2+ Qe7 7. Qxe7+ Bxe7 8. Nc3 c6 9. Ne2 Bg4 10. d3 Bxf3 11. gxf3 Nbd7 12. Rg1 O-O 13. Bd2 Rfe8 14. O-O-O Bd6 15. Ng3 g6 16. f4 Nc5 17. Rde1 Nxb3+ 18. axb3 Rxe1+ 19. Rxe1 Re8 20. Rxe8+ Nxe8 21. Kd1 f5 22. Ke2 Nc7 23. Be3 Ne6 24. Kf3 Kf7 25. c3 a6 26. Ne2 c5 27. c4 d4 28. Bd2 b6 29. h3 a5 30. Kg2 Ng7 31. Kf3 Nh5 32. Be1 Kg7 33. Bd2 Nf6 34. Ng3 Kh6 35. Kg2 Nh5 36. Nxh5 Kxh5 37. f3 h6 38. Kf2 Be7 39. Kg2 Bh4 40. Kf1 g5 41. fxg5 Bxg5 42. f4 Bh4 43. Kg2 Kg6 44. Kf3 Kh5 45. Kg2 Kg6 46. Kf3 h5 47. Kg2 Kf6 48. Kf3 Ke6 49. Kg2 Kd6 50. Kf3 Kc6 51. Ke2 Kb7 52. Be1 Bxe1 53. Kxe1 b5 54. Kd2 a4 55. bxa4 bxa4 56. Kc2 Kb6 57. Kb1 Ka5 58. Ka1 Kb4 59. Ka2 h4 60. Kb1 Kb3 61. Kc1 a3 62. bxa3 Kxa3 63. Kc2 Ka2 64. Kc1 Kb3 65. Kd2 Kb2 66. Kd1 Kc3 67. Ke2 Kc2 0-1

[Event "January 2 Late 2024"]
[Site "https://www.chess.com"]
[Date "2024.01.02"]
[Round "5"]
[White "Gurevich, Dmitry"]
[Black "Montano Vicente, Guadalupe"]
[Result "1-0"]
[Board "160"]
[TimeControl "180+1"]
[WhiteFideId "2000407"]
[BlackFideId "5181399"]
[WhiteElo "2417"]
[BlackElo "2163"]
[WhiteTeam "USA"]
[BlackTeam "MEX"]
[WhiteClock "0:00:18"]
[BlackClock "0:00:08"]

1. d4 Nf6 2. c4 g6 3. Nc3 Bg7 4. e4 d6 5. Nf3 O-O 6. Be2 Nbd7 7. O-O e5 8. Be3 exd4 9. Nxd4 c6 10. f3 Re8 11. Qd2 d5 12. exd5 cxd5 13. Bf2 dxc4 14. Bxc4 Nb6 15. Bb3 Be6 16. Rfd1 Bxb3 17. axb3 Nfd5 18. Ndb5 Nxc3 19. bxc3 Qxd2 20. Rxd2 Rec8 21. Rxa7 Bxc3 22. Rc2 Nd5 23. g3 Rxa7 24. Bxa7 Rc6 25. Nxc3 Nxc3 26. Kg2 Nb5 27. Rxc6 bxc6 28. Bc5 f6 29. Kf2 Kf7 30. Ke3 Ke6 31. Ke4 f5+ 32. Kf4 Kf6 33. h4 h6 34. Ke3 g5 35. h5 Kf7 36. g4 fxg4 37. fxg4 Nc7 38. Ke4 Nd5 39. Ke5 Nc3 40. Kd6 Na2 41. Kxc6 Nc1 42. b4 Nd3 43. b5 Ne5+ 44. Kc7 Nd3 45. Bd6 Ke6 46. b6 Nf2 47. b7 Nxg4 48. b8=Q Nf6 49. Qc8+ Kf7 1-0

[Event "January 2 Late 2024"]
[Site "https://www.chess.com"]
[Date "2024.01.02"]
[Round "5"]
[White "Mazurkiewicz, Michal"]
[Black "Dmitriev, Sergey"]
[Result "1-0"]
[Board "161"]
[TimeControl "180+1"]
[WhiteFideId "1124943"]
[BlackFideId "14101785"]
[WhiteElo "2414"]
[BlackElo "2011"]
[WhiteTeam "POL"]
[BlackTeam "UKR"]
[WhiteClock "0:00:53"]
[BlackClock "0:01:17"]

1. e4 e5 2. Nf3 Nc6 3. Bb5 a6 4. Bxc6 dxc6 5. O-O Bd6 6. d4 exd4 7. Qxd4 Nf6 8. e5 c5 9. Qh4 Bg4 10. exf6 Bxf3 11. Re1+ Kd7 12. Qh3+ Kc6 13. Qxf3+ Kb6 14. Nc3 gxf6 15. Be3 Ka7 16. Ne4 Rg8 17. Rad1 Qc8 18. Nxd6 cxd6 19. Rxd6 Qc7 20. Red1 Rg6 21. Rd7 Qb6 22. Bxc5 Qxc5 23. Qxb7# 1-0

[Event "January 2 Late 2024"]
[Site "https://www.chess.com"]
[Date "2024.01.02"]
[Round "5"]
[White "hoshiboshi"]
[Black "Haydon, David L"]
[Result "0-1"]
[Board "162"]
[TimeControl "180+1"]
[BlackFideId "415405"]
[WhiteElo "2155"]
[BlackElo "2647"]
[BlackTeam "ENG"]
[WhiteClock "0:00:18"]
[BlackClock "0:01:13"]

1. e4 b6 2. d4 Bb7 3. Nc3 e6 4. Bd3 Nf6 5. Qe2 Bb4 6. Bd2 c5 7. Nf3 cxd4 8. Nxd4 Nc6 9. Nf3 d6 10. a3 Bxc3 11. Bxc3 Qc7 12. O-O-O a6 13. Rhe1 b5 14. Kb1 Nd7 15. Bxg7 Rg8 16. Bc3 Rxg2 17. Rg1 Rxg1 18. Rxg1 O-O-O 19. Ng5 Nc5 20. Nxh7 f5 21. exf5 Qxh7 22. fxe6 Nxd3 23. cxd3 Ne5 24. Rg3 Nxd3 25. Rg7 Nf4+ 26. Rxh7 Nxe2 27. Ba5 Be4+ 0-1

[Event "January 2 Late 2024"]
[Site "https://www.chess.com"]
[Date "2024.01.02"]
[Round "5"]
[White "osh1ro"]
[Black "Kujawski, Adam"]
[Result "1-0"]
[Board "163"]
[TimeControl "180+1"]
[BlackFideId "1100920"]
[WhiteElo "2597"]
[BlackElo "2320"]
[BlackTeam "POL"]
[WhiteClock "0:01:26"]
[BlackClock "0:00:00"]

1. Nf3 d5 2. g3 g6 3. Bg2 Bg7 4. d4 c5 5. O-O cxd4 6. Nxd4 Nc6 7. Nxc6 bxc6 8. c4 e6 9. cxd5 cxd5 10. e4 Nf6 11. exd5 Nxd5 12. Nc3 O-O 13. Nxd5 exd5 14. Qxd5 Qxd5 15. Bxd5 Rb8 16. Bb3 Bh3 17. Re1 Rfe8 18. Rxe8+ Rxe8 19. Be3 a5 20. Rc1 Bxb2 21. Rc5 Bd4 22. Rc7 Bxe3 23. Bxf7+ Kf8 24. Bxe8 Bb6 25. Rb7 Bc5 26. Bc6 Bb4 27. Rxh7 Be6 28. a4 Bb3 29. Bb5 Bf7 30. Rh4 Ke7 31. Re4+ Kd6 32. h4 Bd5 33. Rf4 Ke5 34. Kh2 1-0

[Event "January 2 Late 2024"]
[Site "https://www.chess.com"]
[Date "2024.01.02"]
[Round "5"]
[White "Silvestre, Christian"]
[Black "Zavgorodniy, Sergiy"]
[Result "0-1"]
[Board "164"]
[TimeControl "180+1"]
[WhiteFideId "30956269"]
[BlackFideId "14110148"]
[WhiteElo "2317"]
[BlackElo "2593"]
[WhiteTeam "USA"]
[BlackTeam "UKR"]
[WhiteClock "0:00:06"]
[BlackClock "0:01:38"]

1. e4 c6 2. d4 d5 3. Nc3 dxe4 4. Nxe4 Bf5 5. Ng3 Bg6 6. h4 h6 7. h5 Bh7 8. Nf3 Nd7 9. Bd3 Bxd3 10. Qxd3 e6 11. Bd2 Ngf6 12. O-O-O Be7 13. Ne4 Nxe4 14. Qxe4 Nf6 15. Qe2 Qd5 16. Kb1 Qe4 17. Qf1 O-O 18. Re1 Qh7 19. Ne5 Rad8 20. Be3 Nd5 21. g4 Nxe3 22. fxe3 Bd6 23. Nc4 Qe4 24. Rg1 Be7 25. Nd2 Qd5 26. Nf3 c5 27. e4 Qd6 28. g5 Bxg5 29. Nxg5 hxg5 30. dxc5 Qxc5 31. e5 f6 32. h6 gxh6 33. Qh3 Kg7 34. Qxe6 fxe5 35. Rh1 Rf6 36. Qb3 Rd7 37. a3 Re7 38. Re3 e4 39. Rc3 Qe5 40. Rc8 Qe6 41. Qc3 e3 42. Re1 e2 43. Rd8 Kf7 44. Rd2 Rf1 45. Rd3 Rxe1+ 46. Qxe1 Qf5 47. Ka2 Qf1 48. Qc3 e1=Q 49. Rf3+ Qxf3 50. Qxf3+ Kg7 0-1

[Event "January 2 Late 2024"]
[Site "https://www.chess.com"]
[Date "2024.01.02"]
[Round "5"]
[White "Lin, Bryan Enming"]
[Black "SkinnyPuppy8"]
[Result "1-0"]
[Board "165"]
[TimeControl "180+1"]
[WhiteFideId "30987121"]
[WhiteElo "2542"]
[BlackElo "2298"]
[WhiteTeam "USA"]
[WhiteClock "0:00:34"]
[BlackClock "0:00:13"]

1. e4 d5 2. exd5 Nf6 3. Nc3 Bg4 4. f3 Bf5 5. g4 Bc8 6. Bc4 Nbd7 7. g5 Nb6 8. Bb5+ Nfd7 9. d4 a6 10. Bd3 g6 11. Nge2 Bg7 12. Bf4 O-O 13. h4 e6 14. dxe6 fxe6 15. Be4 Qe7 16. Bxc7 Nd5 17. Bg3 N7b6 18. Qd3 Nb4 19. Qd2 Nc4 20. Qc1 Nd6 21. Bxd6 Qxd6 22. a3 Nd5 23. Bxd5 exd5 24. Qe3 Bf5 25. O-O-O Rfe8 26. Qd2 Rac8 27. Rde1 b5 28. Nf4 Rxe1+ 29. Rxe1 b4 30. axb4 Qxb4 31. Nfxd5 Qa5 32. Ne7+ Kf8 33. Nxc8 Bxc8 34. Qf4+ Qf5 35. Qxf5+ Bxf5 36. d5 h6 37. d6 hxg5 38. hxg5 Bd4 39. Nd5 Bc5 40. Ne7 Bxd6 41. Nxf5 gxf5 42. Re6 Bf4+ 43. Kd1 Bxg5 44. Rxa6 Ke7 45. b4 Kd7 46. b5 Be3 47. c4 Kc7 48. Ke2 f4 49. Kd3 Kb7 50. Ke4 Kc7 51. Kd5 Kb7 52. Rc6 Kb8 53. c5 Kb7 54. b6 Kb8 55. Rc7 Bf2 56. Kc6 Be3 57. b7 Bxc5 58. Rc8+ Ka7 59. Ra8# 1-0

[Event "January 2 Late 2024"]
[Site "https://www.chess.com"]
[Date "2024.01.02"]
[Round "5"]
[White "Nechitaylo, Nikita"]
[Black "Grinev, Valeriy"]
[Result "0-1"]
[Board "166"]
[TimeControl "180+1"]
[WhiteFideId "34138161"]
[BlackFideId "14117517"]
[WhiteElo "2297"]
[BlackElo "2542"]
[WhiteTeam "UKR"]
[BlackTeam "UKR"]
[WhiteClock "0:00:00"]
[BlackClock "0:00:45"]

1. d4 c5 2. d5 d6 3. Nc3 Nf6 4. e4 g6 5. Nf3 Bg7 6. Be2 O-O 7. O-O Na6 8. Nd2 Nc7 9. a4 b6 10. Nc4 Ba6 11. Na3 Bxe2 12. Qxe2 a6 13. Nc4 b5 14. Na5 Ncxd5 15. Nxd5 Qxa5 16. Nxe7+ Kh8 17. Bg5 bxa4 18. Qf3 Nd7 19. Rad1 Ne5 20. Qh3 f6 21. Bh6 Qd8 22. Nd5 Qc8 23. Bxg7+ Kxg7 24. Qa3 Qc6 25. Ne7 Qd7 26. Nd5 Rfb8 27. b3 axb3 28. cxb3 a5 29. f4 Nc6 30. Qa1 Nd4 31. Rxd4 cxd4 32. Qxd4 Qa7 0-1

[Event "January 2 Late 2024"]
[Site "https://www.chess.com"]
[Date "2024.01.02"]
[Round "5"]
[White "Mesa Cruz, Juan Carlos"]
[Black "Jaiveer Mahendru"]
[Result "0-1"]
[Board "167"]
[TimeControl "180+1"]
[WhiteFideId "6423400"]
[BlackFideId "25611151"]
[WhiteElo "2291"]
[BlackElo "2497"]
[WhiteTeam "DOM"]
[BlackTeam "IND"]
[WhiteClock "0:00:00"]
[BlackClock "0:02:31"]

1. e4 c5 2. Nc3 Nc6 3. f4 g6 4. Bc4 Bg7 5. Nf3 e6 6. d3 Nge7 7. a3 d5 8. Ba2 O-O 9. O-O Nd4 10. Nxd4 cxd4 11. Ne2 Qb6 12. Kh1 dxe4 13. dxe4 Rd8 14. Qd3 Bd7 15. Qf3 Rac8 16. c4 Bc6 17. Rb1 d3 18. Nc3 d2 19. Bxd2 Rxd2 20. f5 Nxf5 21. c5 Qxc5 22. Rbc1 Nh4 23. Qf4 Rxg2 24. Qxh4 Rxb2 0-1

[Event "January 2 Late 2024"]
[Site "https://www.chess.com"]
[Date "2024.01.02"]
[Round "5"]
[White "Skaric, Djuro"]
[Black "Dobre, Claudiu-Cristian"]
[Result "0-1"]
[Board "168"]
[TimeControl "180+1"]
[WhiteFideId "934569"]
[BlackFideId "1211854"]
[WhiteElo "2290"]
[BlackElo "2490"]
[WhiteTeam "SRB"]
[BlackTeam "ROU"]
[WhiteClock "0:01:20"]
[BlackClock "0:01:13"]

1. g3 d5 2. Bg2 c6 3. d3 Nf6 4. Nf3 Bg4 5. O-O Nbd7 6. h3 Bxf3 7. Bxf3 e5 8. Bg2 Be7 9. c4 dxc4 10. dxc4 a5 11. Nc3 Qc7 12. Be3 Nc5 13. Qc2 O-O 14. Rfd1 Ne6 15. b3 Bc5 16. Bg5 Nxg5 17. h4 Ne6 18. Bh3 e4 19. Kg2 Qe5 20. Na4 Bd4 21. Rab1 Rfd8 22. e3 Ba7 23. Bxe6 Qxe6 24. c5 Qg4 25. Rd6 Nd5 26. Rxd8+ Rxd8 27. Rd1 Nxe3+ 28. fxe3 0-1

[Event "January 2 Late 2024"]
[Site "https://www.chess.com"]
[Date "2024.01.02"]
[Round "5"]
[White "Lalanne, Pablo"]
[Black "Sreyas Payyappat"]
[Result "1-0"]
[Board "169"]
[TimeControl "180+1"]
[WhiteFideId "112151"]
[BlackFideId "46674969"]
[WhiteElo "2289"]
[BlackElo "2470"]
[WhiteTeam "ARG"]
[BlackTeam "IND"]
[WhiteClock "0:01:33"]
[BlackClock "0:00:03"]

1. e4 c6 2. d4 d5 3. Nd2 dxe4 4. Nxe4 Nf6 5. Nxf6+ exf6 6. c3 Bd6 7. Bd3 O-O 8. Qc2 Re8+ 9. Ne2 h5 10. Bd2 Nd7 11. O-O-O Nf8 12. Kb1 Be6 13. h3 b5 14. g4 h4 15. Rhg1 Bd5 16. g5 Bh2 17. gxf6 Bxg1 18. fxg7 Bxf2 19. gxf8=Q+ Kxf8 20. Bh6+ Kg8 21. Nf4 Qf6 22. Qxf2 Qxh6 23. Rg1+ Kh8 24. Rg4 Rg8 25. Rxh4 Rg1+ 26. Kc2 Qxh4 27. Qxh4+ Kg8 28. Qh7+ Kf8 29. Nxd5 cxd5 30. Qh8+ Rg8 31. Qe5 1-0

[Event "January 2 Late 2024"]
[Site "https://www.chess.com"]
[Date "2024.01.02"]
[Round "5"]
[White "Chocenka, Dmitrijus"]
[Black "Gonzalez Zharikov, Andrey"]
[Result "1/2-1/2"]
[Board "170"]
[TimeControl "180+1"]
[WhiteFideId "12802336"]
[BlackFideId "5145287"]
[WhiteElo "2465"]
[BlackElo "2287"]
[WhiteTeam "LTU"]
[BlackTeam "MEX"]
[WhiteClock "0:02:17"]
[BlackClock "0:02:16"]

1. e4 c6 2. d4 d5 3. Nc3 dxe4 4. Nxe4 Nd7 5. Nf3 Ngf6 6. Ned2 g6 7. g3 Bg7 8. Bg2 O-O 9. O-O c5 10. c3 cxd4 11. Nxd4 Nc5 12. N2b3 Nxb3 13. axb3 a6 14. Re1 e6 15. Bf4 Nd5 16. Qc1 Nxf4 17. gxf4 Qb6 18. Ra4 Rd8 19. Rb4 Qc5 20. Bxb7 Bxb7 21. Rxb7 Bxd4 22. cxd4 Qxd4 23. Qc7 Rf8 24. Qe5 Qxe5 25. fxe5 Rab8 26. Rxb8 Rxb8 27. Re3 Rb5 28. Kf1 Kf8 29. Ke2 Ke7 30. Kd2 h5 31. Kc3 Rc5+ 32. Kd3 Rd5+ 33. Kc3 Rc5+ 34. Kd3 Rd5+ 35. Kc3 Rc5+ 1/2-1/2

[Event "January 2 Late 2024"]
[Site "https://www.chess.com"]
[Date "2024.01.02"]
[Round "5"]
[White "Piscicelli, Daniel Orlando"]
[Black "Antonio, Jorge Carlos"]
[Result "0-1"]
[Board "171"]
[TimeControl "180+1"]
[WhiteFideId "101958"]
[BlackFideId "113190"]
[WhiteElo "2449"]
[BlackElo "2282"]
[WhiteTeam "ARG"]
[BlackTeam "ARG"]
[WhiteClock "0:00:00"]
[BlackClock "0:00:34"]

1. e4 c5 2. Nc3 e6 3. f4 Nc6 4. Bc4 a6 5. d3 b5 6. Bb3 Nd4 7. Nf3 Nxb3 8. axb3 Bb7 9. O-O Be7 10. Qe1 Nf6 11. Qg3 O-O 12. f5 b4 13. Ne2 d5 14. e5 Ne8 15. f6 Nxf6 16. exf6 Bxf6 17. Bh6 e5 18. Nh4 Kh8 19. Nf5 gxh6 20. Nxh6 Qe7 21. Qg4 Rg8 22. Nxg8 Rxg8 23. Qf5 Rg6 24. Ng3 Kg8 25. Rae1 a5 26. Ra1 e4 27. dxe4 dxe4 28. Rxa5 e3 29. Re1 Bd4 30. Rb5 h5 31. Rb6 Rxb6 32. Qxh5 Rg6 0-1

[Event "January 2 Late 2024"]
[Site "https://www.chess.com"]
[Date "2024.01.02"]
[Round "5"]
[White "Minina, Veronika"]
[Black "Vujacic, Igor"]
[Result "0-1"]
[Board "172"]
[TimeControl "180+1"]
[WhiteFideId "4174780"]
[BlackFideId "932620"]
[WhiteElo "2280"]
[BlackElo "2430"]
[WhiteTeam "RUS"]
[BlackTeam "MNE"]
[WhiteClock "0:00:09"]
[BlackClock "0:00:06"]

1. Nf3 d5 2. g3 Nd7 3. Bg2 e5 4. O-O e4 5. Ne1 Bc5 6. c4 c6 7. d3 Ngf6 8. cxd5 cxd5 9. Nc3 Qe7 10. Bg5 Qe5 11. Bf4 Qf5 12. dxe4 dxe4 13. Bd6 e3 14. f3 Bxd6 15. Qxd6 Qe5 16. Qxe5+ Nxe5 17. Nc2 Nc4 18. b3 Bf5 19. Nd4 Nd6 20. Rfd1 O-O 21. Nxf5 Nxf5 22. Nd5 Nxd5 23. Rxd5 g6 24. Bh3 Rfd8 25. Rad1 Rxd5 26. Rxd5 Rc8 27. Bxf5 gxf5 28. Re5 Rc2 29. Rxe3 Rxa2 30. Kf2 Kg7 31. Rd3 b5 32. Rd5 a6 33. Rxf5 Rb2 34. Rg5+ Kf8 35. Rc5 Rxb3 36. Rc8+ Kg7 37. Ra8 Ra3 38. Rb8 Ra4 39. Ke3 b4 40. Kd3 a5 41. h4 Ra3+ 42. Kc2 Ra2+ 43. Kd3 Ra3+ 44. Kc4 Re3 45. Ra8 Ra3 46. g4 b3 47. Kc3 a4 48. f4 Ra2 49. Rb8 Rc2+ 50. Kd3 Ra2 51. Rb4 b2 52. Kc2 a3 53. Rb3 Ra1 54. Rxb2 axb2 55. Kxb2 Rg1 56. Kc3 Rxg4 57. e3 Rxh4 58. Kd4 Rg4 59. Ke4 Kg6 60. Kf3 f5 61. Kf2 h5 62. Kf3 h4 63. Kf2 h3 64. Kf3 h2 65. Kf2 h1=Q 0-1

[Event "January 2 Late 2024"]
[Site "https://www.chess.com"]
[Date "2024.01.02"]
[Round "5"]
[White "Eggleston, Thomas A"]
[Black "Sanchez Alvares, Kelvin Antonio"]
[Result "1-0"]
[Board "173"]
[TimeControl "180+1"]
[WhiteFideId "412139"]
[BlackFideId "3906680"]
[WhiteElo "2277"]
[BlackElo "2423"]
[WhiteTeam "ENG"]
[BlackTeam "VEN"]
[WhiteClock "0:00:24"]
[BlackClock "0:00:00"]

1. e4 c5 2. Nf3 e6 3. g3 Nc6 4. Bg2 Nf6 5. d3 b6 6. O-O Bb7 7. Re1 Be7 8. c3 d5 9. e5 Nd7 10. h4 Qc7 11. Qe2 O-O 12. c4 dxc4 13. dxc4 Nd4 14. Nxd4 cxd4 15. Bxb7 Qxb7 16. Bg5 Bxg5 17. hxg5 Rfd8 18. Nd2 Nc5 19. b4 Na4 20. Ne4 Nc3 21. Nxc3 dxc3 22. Rac1 Rd2 23. Qe3 Rad8 24. Rxc3 Rxa2 25. Rd3 Qc7 26. Red1 Rxd3 27. Qxd3 h6 28. gxh6 gxh6 29. Qd8+ Qxd8 30. Rxd8+ Kg7 31. Rc8 Ra4 32. b5 Kg6 33. Rc7 Kf5 34. Rxf7+ Kxe5 35. Rf4 Ra1+ 36. Kg2 Rd1 37. Rh4 Rd4 38. Rxh6 Rxc4 39. Rh7 Rc5 40. Rh5+ Kd6 41. Rxc5 bxc5 42. Kf3 c4 43. Ke3 Kc5 44. g4 1-0

[Event "January 2 Late 2024"]
[Site "https://www.chess.com"]
[Date "2024.01.02"]
[Round "5"]
[White "Spichkin, Alexander"]
[Black "Delgado Kuffo, Andres"]
[Result "1-0"]
[Board "174"]
[TimeControl "180+1"]
[WhiteFideId "4144074"]
[BlackFideId "3600475"]
[WhiteElo "2418"]
[BlackElo "2270"]
[WhiteTeam "RUS"]
[BlackTeam "ECU"]
[WhiteClock "0:01:48"]
[BlackClock "0:00:00"]

1. f4 c5 2. Nf3 Nf6 3. d3 Nc6 4. e4 d6 5. Be2 g6 6. O-O Bg7 7. Nc3 O-O 8. Qe1 Bg4 9. Qh4 Bxf3 10. Bxf3 Nd4 11. Bd1 b5 12. f5 b4 13. Ne2 Nxe2+ 14. Bxe2 c4 15. Bh6 Qb6+ 16. Kh1 Qd4 17. Rab1 cxd3 18. cxd3 d5 19. Rbe1 dxe4 20. dxe4 Qxe4 21. Qxe4 Nxe4 22. Bxg7 Kxg7 23. Bf3 gxf5 24. Bxe4 fxe4 25. Rxe4 e6 26. Rg4+ Kh8 27. Rxb4 f5 28. Re1 Rae8 29. Rb7 e5 30. Rxa7 f4 31. Kg1 e4 32. Ra4 e3 33. Rc4 f3 34. gxf3 Rxf3 35. Rc2 Rg8+ 36. Rg2 Rxg2+ 37. Kxg2 Rf2+ 38. Kg3 Rxb2 39. a3 Rb3 40. Ra1 Kg7 41. a4 Kf6 42. a5 Ke5 43. a6 Rb8 44. Ra4 Ra8 45. a7 e2 46. Kf2 h5 47. Kxe2 Kf5 48. Kf3 Kg5 49. Kg3 Kf5 50. Ra5+ Kg6 51. Kh4 Kf6 52. Kxh5 Ke6 53. h4 Kf6 54. Kg4 Rg8+ 55. Kf4 Rh8 56. a8=Q Rxh4+ 57. Kg3 1-0

[Event "January 2 Late 2024"]
[Site "https://www.chess.com"]
[Date "2024.01.02"]
[Round "5"]
[White "Sarkar, Justin"]
[Black "Hoeffer, David"]
[Result "0-1"]
[Board "175"]
[TimeControl "180+1"]
[WhiteFideId "2010011"]
[BlackFideId "24606766"]
[WhiteElo "2266"]
[BlackElo "2418"]
[WhiteTeam "USA"]
[BlackTeam "GER"]
[WhiteClock "0:00:00"]
[BlackClock "0:00:10"]

1. d4 d5 2. c4 c6 3. Nf3 Nf6 4. e3 e6 5. Nc3 Nbd7 6. a4 Bb4 7. Bd2 O-O 8. Bd3 Re8 9. O-O Qe7 10. a5 a6 11. Qb3 Bd6 12. e4 dxc4 13. Bxc4 e5 14. Rfe1 c5 15. d5 Nf8 16. Na4 Bg4 17. Nb6 Rab8 18. h3 Bh5 19. Nh4 Bg6 20. Nxg6 hxg6 21. g3 N8d7 22. Kg2 Nxb6 23. axb6 Nd7 24. Ba5 f5 25. Qd3 Rf8 26. b3 Qf6 27. Rad1 Be7 28. Qe2 Rbe8 29. d6+ Kh7 30. dxe7 Rxe7 31. Rd5 Nxb6 32. Rxc5 Nxc4 33. Rxc4 f4 34. Qf3 Rd7 35. Bb4 Rfd8 36. g4 Rd3 37. g5 Qxg5+ 38. Qg4 Qh6 39. f3 Rxb3 40. Re2 Rb1 41. Bc3 Rdd1 0-1

[Event "January 2 Late 2024"]
[Site "https://www.chess.com"]
[Date "2024.01.02"]
[Round "5"]
[White "Caglar, Sila"]
[Black "Fernandez Madrid, Carlos"]
[Result "1-0"]
[Board "176"]
[TimeControl "180+1"]
[WhiteFideId "6364063"]
[BlackFideId "2206030"]
[WhiteElo "2413"]
[BlackElo "2265"]
[WhiteTeam "TUR"]
[BlackTeam "ESP"]
[WhiteClock "0:01:03"]
[BlackClock "0:01:34"]

1. e4 g6 2. d4 Bg7 3. Nc3 d6 4. Nf3 a6 5. a4 b6 6. Bc4 Bb7 7. O-O e6 8. Re1 Ne7 9. b3 h6 10. Bb2 O-O 11. Bd3 Nd7 12. Ne2 c5 13. c4 cxd4 14. Nexd4 Nc5 15. Bc2 d5 16. exd5 exd5 17. cxd5 Nxd5 18. Ba3 a5 19. Rc1 Nb4 20. Bxb4 axb4 21. Nb5 Qxd1 22. Rcxd1 Bxf3 23. gxf3 Rad8 24. f4 Rxd1 25. Rxd1 Rc8 26. Nd6 Rd8 27. Nc4 Rc8 28. Nxb6 Rc6 29. Nd5 Kf8 30. Nxb4 Rc7 31. Rd8+ Ke7 32. Rg8 Rb7 33. Nc6+ Kd6 34. Na5 Ra7 35. Nc4+ Ke6 36. Rxg7 Ra8 37. Ne5 Ra7 38. Bxg6 fxg6 39. Rxa7 1-0

[Event "January 2 Late 2024"]
[Site "https://www.chess.com"]
[Date "2024.01.02"]
[Round "5"]
[White "Rees, Ioan"]
[Black "Harish, Neeraj"]
[Result "1-0"]
[Board "177"]
[TimeControl "180+1"]
[WhiteFideId "1801236"]
[BlackFideId "30958130"]
[WhiteElo "2412"]
[BlackElo "2262"]
[WhiteTeam "WLS"]
[BlackTeam "USA"]
[WhiteClock "0:00:55"]
[BlackClock "0:00:00"]

1. e4 c5 2. c3 Nf6 3. e5 Nd5 4. Nf3 Nc6 5. Bc4 Nb6 6. Bb3 d5 7. exd6 Qxd6 8. O-O Be6 9. Na3 a6 10. Re1 Bxb3 11. Qxb3 Na5 12. Qc2 g6 13. d4 cxd4 14. Bg5 h6 15. Bh4 e6 16. Bf6 Rg8 17. Bxd4 O-O-O 18. Ne5 Rg7 19. b4 Nd5 20. Nec4 Nxc4 21. Nxc4 Qc7 22. Ne3 Nxe3 23. Rxe3 Rg8 24. a4 Bd6 25. h3 Kb8 26. b5 a5 27. Qe4 Rc8 28. Rb1 Rge8 29. Rf3 f5 30. Qe3 e5 31. Bb6 Qc4 32. Bxa5 Bc5 33. Qxh6 Qxa4 34. Bb4 Bxb4 35. cxb4 1-0

[Event "January 2 Late 2024"]
[Site "https://www.chess.com"]
[Date "2024.01.02"]
[Round "5"]
[White "Ambrogi, Agustin"]
[Black "Kappeler, Kaspar"]
[Result "1-0"]
[Board "179"]
[TimeControl "180+1"]
[WhiteFideId "170933"]
[BlackFideId "1309072"]
[WhiteElo "2405"]
[BlackElo "2255"]
[WhiteTeam "ARG"]
[BlackTeam "SUI"]
[WhiteClock "0:02:23"]
[BlackClock "0:00:00"]

1. e4 c5 2. c3 Nf6 3. e5 Nd5 4. d4 cxd4 5. Bc4 Nb6 6. Bb3 Nc6 7. Nf3 d5 8. exd6 Qxd6 9. cxd4 Be6 10. O-O Bxb3 11. Qxb3 e6 12. Nc3 Be7 13. Nb5 Qd7 14. Nxa7 Rxa7 15. Qxb6 O-O 16. Be3 Ra4 17. a3 Rfa8 18. Rac1 Bf6 19. Rfd1 Na5 20. Rc7 Qd5 21. Rdc1 Nb3 22. Rc8+ Bd8 23. R1c3 1-0

[Event "January 2 Late 2024"]
[Site "https://www.chess.com"]
[Date "2024.01.02"]
[Round "5"]
[White "Cueto, Jonny"]
[Black "Baules Rodriguez, Jorge Luis"]
[Result "0-1"]
[Board "180"]
[TimeControl "180+1"]
[WhiteFideId "3300145"]
[BlackFideId "6600247"]
[WhiteElo "2243"]
[BlackElo "2398"]
[WhiteTeam "BOL"]
[BlackTeam "PAN"]
[WhiteClock "0:00:00"]
[BlackClock "0:00:30"]

1. d4 Nf6 2. Bf4 g6 3. Nc3 d5 4. e3 Bg7 5. h4 h5 6. Be2 O-O 7. Nf3 Bg4 8. Ne5 Bxe2 9. Qxe2 c5 10. f3 cxd4 11. exd4 Nc6 12. O-O-O Rc8 13. Kb1 Qa5 14. Nxc6 Rxc6 15. Qd2 Rfc8 16. g4 hxg4 17. h5 Nxh5 18. Rxh5 gxh5 19. fxg4 hxg4 20. Rg1 f5 21. Rg2 Rc4 22. Bh6 Bf6 23. Ne4 Qxd2 24. Nxf6+ exf6 25. Rxd2 Re8 26. c3 Kf7 27. Bf4 Re4 28. Bd6 f4 29. Rh2 Ke6 30. Bb8 g3 31. Rg2 Kf5 0-1

[Event "January 2 Late 2024"]
[Site "https://www.chess.com"]
[Date "2024.01.02"]
[Round "5"]
[White "Doublekk14"]
[Black "Carrasco Miranda, Andres"]
[Result "0-1"]
[Board "181"]
[TimeControl "180+1"]
[BlackFideId "3405990"]
[WhiteElo "2242"]
[BlackElo "2397"]
[BlackTeam "CHI"]
[WhiteClock "0:00:00"]
[BlackClock "0:00:17"]

1. c4 Nf6 2. Nc3 g6 3. e3 Bg7 4. Nf3 O-O 5. d4 c5 6. Be2 cxd4 7. exd4 d5 8. h3 dxc4 9. Bxc4 Nc6 10. O-O Na5 11. Be2 Be6 12. Be3 Nc4 13. b3 Nxe3 14. fxe3 Rc8 15. Qd2 Qa5 16. Rac1 Rfd8 17. Ng5 Bf5 18. Rxf5 Qxf5 19. e4 Nxe4 20. Ncxe4 Rxc1+ 21. Qxc1 Bxd4+ 22. Kh1 h6 23. Bg4 Qd5 24. Nf3 Qxe4 25. Qxh6 Qb1+ 26. Kh2 Bg7 27. Qh4 Bf6 28. Qg3 Rd1 29. Qc7 Rh1+ 30. Kg3 Qe4 31. Bc8 b6 32. Bb7 Qe3 33. Qc8+ Kg7 34. Qg4 Be5+ 0-1

[Event "January 2 Late 2024"]
[Site "https://www.chess.com"]
[Date "2024.01.02"]
[Round "5"]
[White "Jarocka, Liwia"]
[Black "Guevara Sanchez, Erick Marvin"]
[Result "1-0"]
[Board "182"]
[TimeControl "180+1"]
[WhiteFideId "21807558"]
[BlackFideId "6700136"]
[WhiteElo "2393"]
[BlackElo "2229"]
[WhiteTeam "POL"]
[BlackTeam "ESA"]
[WhiteClock "0:02:03"]
[BlackClock "0:00:21"]

1. e4 c5 2. d4 cxd4 3. c3 dxc3 4. Nxc3 Nc6 5. Nf3 e6 6. Bc4 a6 7. O-O b5 8. Bb3 Na5 9. Bc2 Bb7 10. Re1 Bc5 11. a3 Nc6 12. e5 Nge7 13. Ne4 Qb6 14. b4 Bd4 15. Nxd4 Nxd4 16. Nd6+ Kf8 17. Be3 Nec6 18. Nxb7 Qxb7 19. Bxd4 Rc8 20. Bc5+ Ke8 21. Be4 Qc7 22. Rc1 Nxe5 23. Bd6 Qxc1 24. Qxc1 Rxc1 25. Rxc1 Nc4 26. Bc5 d5 27. Bd3 Kd7 28. Bxc4 bxc4 29. f3 Kc6 30. Kf2 Rb8 31. Ke3 e5 32. f4 f6 33. fxe5 fxe5 34. Rf1 Rb7 35. Rf8 Kb5 36. Re8 d4+ 37. Ke4 c3 38. Kd3 Ka4 39. Rxe5 Kb3 40. Re2 Rf7 41. Bxd4 Rd7 42. Re1 c2 43. Rc1 Kxa3 44. Kc3 Rc7+ 45. Bc5 a5 46. bxa5+ Ka4 47. Kc4 Kxa5 48. Ra1# 1-0

[Event "January 2 Late 2024"]
[Site "https://www.chess.com"]
[Date "2024.01.02"]
[Round "5"]
[White "Jose Iraeta, Alejandro"]
[Black "Travkina, Anastasia"]
[Result "0-1"]
[Board "183"]
[TimeControl "180+1"]
[WhiteFideId "2226537"]
[BlackFideId "24129151"]
[WhiteElo "2216"]
[BlackElo "2387"]
[WhiteTeam "ESP"]
[BlackTeam "RUS"]
[WhiteClock "0:00:15"]
[BlackClock "0:02:28"]

1. e4 c5 2. Nf3 d6 3. d4 cxd4 4. Nxd4 Nf6 5. Nc3 g6 6. Bc4 Bg7 7. f3 O-O 8. Be3 Nc6 9. Qd2 Bd7 10. O-O-O Rb8 11. h4 b5 12. Ndxb5 Ne5 13. Be2 Qa5 14. Nd4 Rfc8 15. Nb3 Rxb3 16. axb3 Qa1+ 17. Nb1 Nxe4 18. Qd5 Nc4 19. Bd4 Bh6+ 0-1